 Dungeon Crawl Stone Soup version 0.28-a0-863-g8cecda6153 (webtiles) character file.

Game seed: 15810124899959137011

65 cheechan the Cutter (level 4, -6/29 HPs)
             Began as an Octopode Gladiator on Nov 19, 2021.
             Mangled by a gnoll (11 damage)
             ... on level 2 of the Dungeon.
             The game lasted 00:06:01 (1894 turns).

cheechan the Cutter (Octopode Gladiator)            Turns: 1894, Time: 00:06:02

Health: -6/29      AC:  1    Str: 13    XL:     4   Next: 14%
Magic:  4/4        EV: 11    Int: 10    God:
Gold:   205        SH:  7    Dex: 14    Spells: 3/3 levels left

rFire   . . .      SeeInvis .   h - +0 short sword (speed)
rCold   . . .      Faith    +   j - +0 kite shield
rNeg    . . .      Spirit   .   b - +0 hat
rPois   .          Reflect  .   g - amulet of faith
rElec   .          Harm     .   k - ring of willpower
rCorr   .          Rampage  .   (no ring)
Will    +....                   (no ring)
Stlth   +++.......              (no ring)
HPRegen 0.09/turn               (no ring)
MPRegen 0.09/turn               (no ring)
                                (no ring)
                                (no ring)

@: no status effects
A: almost no armour, amphibious, 8 rings, camouflage 1, gelatinous body 1,
(nimble swimmer 1), tentacles
a: no special abilities


You were on level 2 of the Dungeon.
You visited 1 branch of the dungeon, and saw 2 of its levels.

You collected 205 gold pieces.

Inventory:

Hand Weapons
 a - a +0 rapier
 h - a +0 short sword of speed (weapon)
Missiles
 c - 2 throwing nets (quivered)
 f - 17 bolts
 i - 26 arrows
Armour
 b - a +0 hat (worn)
 j - a +0 kite shield (worn)
Magical Staves
 d - a staff of death
Jewellery
 g - an amulet of faith (around mantle)
 k - a ring of willpower (left tentacle)
Scrolls
 e - a scroll of blinking {unknown}
Potions
 l - a potion of magic {unknown}


   Skills:
 + Level 2.3 Fighting
 + Level 4.0 Short Blades
 + Level 2.1 Throwing
 + Level 3.6 Dodging
 + Level 0.7 Stealth


You had 3 spell levels left.
You didn't know any spells.
Your spell library contained the following spells:

 Spells                   Type           Power      Damage    Failure   Level
 Ensorcelled Hibernation  Hex/Ice        0%         N/A       99%         2
 Spider Form              Tmut/Pois      0%         N/A       100%        3


Dungeon Overview and Level Annotations

Branches:
Dungeon (2/15)

Altars:

Shops:
D:1 ?*==[


Innate Abilities, Weirdness & Mutations

You cannot wear most types of armour.
You are amphibious.
You can wear up to eight rings at the same time.
Your skin changes colour to match your surroundings (Stealth+).
Your rubbery body absorbs attacks. (AC +1, EV +1)
((You are camouflaged near water. (Stealth+)))
You have tentacles for arms and can constrict up to eight enemies at once.


Message History

You block the goblin's attack.
You hit the gnoll.
You kill the gnoll!
The hobgoblin barely misses you. The gnoll misses you.
You block the goblin's attack.
You have reached level 4!
You closely miss the hobgoblin. Your grab misses the hobgoblin.
You squeeze the hobgoblin.
You kill the hobgoblin!
The gnoll barely misses you.
You hit the endoplasm but do no damage. You squeeze the endoplasm.
You kill the endoplasm!
You block the goblin's attack.
You hit the goblin. You grab the goblin.
The goblin is moderately wounded.
You constrict the goblin. You block the gnoll's attack.
The goblin hits you with a +0 club.
You hit the goblin.
You kill the goblin!
The gnoll hits you from afar with a +0 halberd of protection!
Your Short Blades skill increases to level 4!
You block the gnoll's attack.
Things that are here:
a +0 spear; a gnoll corpse You hit the gnoll but do no damage.
Your grab misses the gnoll. The gnoll closely misses you.
You barely miss the gnoll. Your grab misses the gnoll.
Your squeeze misses the gnoll. The gnoll misses you.
A frilled lizard comes into view.
The frilled lizard hisses angrily.
You hit the gnoll but do no damage. Your grab misses the gnoll.
The gnoll closely misses you.
You completely miss the gnoll. You grab the gnoll. You constrict the gnoll.
The gnoll hits you with a +0 halberd of protection.
* * * LOW HITPOINT WARNING * * *
You hit the gnoll.
The gnoll is moderately wounded.
You constrict the gnoll.
The gnoll hits you with a +0 halberd of protection!
You die...

.....######
.....>....### ###
..........'.#
...#######......#.#
........##......#.#
..l.....##......#.#
........##......#.#
.......)###'#####.#
......g@....#####'##
###....)#####......#
#.....# #......#
...###### #......#
.. #......# .
#......#
#..†...#####
#...........
############


You could see a gnoll and a frilled lizard.

Vanquished Creatures
  2 gnolls (D:2)
  An adder (D:2)
  3 bats (D:1)
  3 endoplasms
  2 giant cockroaches (D:1)
  6 goblins
  3 hobgoblins
  4 quokkas (D:1)
  3 ball pythons
  2 frilled lizards
  3 kobolds (D:1)
  3 rats (D:1)
35 creatures vanquished.

Notes
Turn   | Place    | Note
-------+----------+-------------------------------------------
     0 | D:1      | cheechan the Octopode Gladiator began the quest for the
                  | Orb.
     0 | D:1      | Reached XP level 1. HP: 14/14 MP: 1/1
    61 | D:1      | Found Taamputu's Jewellery Shoppe.
   102 | D:1      | Found Vudway's Jewellery Shoppe.
   281 | D:1      | Reached XP level 2. HP: 19/19 MP: 2/2
   322 | D:1      | Found a faded altar of an unknown god.
   324 | D:1      | Noticed a golden eye
   324 | D:1      | Noticed a great orb of eyes
   325 | D:1      | Noticed a golden eye
   325 | D:1      | Noticed a shining eye
   461 | D:1      | Found Baoxigg's Antique Armour Shop.
   811 | D:1      | Found Plog's General Store.
   943 | D:1      | Found Petteic's Magic Scroll Boutique.
   980 | D:1      | Reached XP level 3. HP: 21/24 MP: 3/3
  1885 | D:2      | Reached XP level 4. HP: 24/29 MP: 4/4
  1889 | D:2      | Reached skill level 4 in Short Blades
  1894 | D:2      | Mangled by a gnoll

Illustrated notes

Levels and vault maps discovered:
D:1:      elethiomel_arrival_infinity_welcomes_careful_drivers, layout_basic,
          serial_shops, shop_coins, nicolae_lakefront_shop, shop_coins, shop,
          nicolae_shop_crystal, hellmonk_ecumenical_altar_watching_god,
          corexii_leaking_fountain
D:2:      layout_basic, roderic_lattice_a

Skill      XL: |  1  2  3  4 |
---------------+-------------+-----
Short Blades   | 4 |  4.0
Fighting       | |  2.3
Throwing       | |  2.1
Dodging        | |  3.6
Stealth        | |  0.7

Action                   |  1- 3 |  4- 6 || total
-------------------------+-------+-------++-------
Melee: Rapier            |    44 |       ||    44
       Constrict         |    22 |     2 ||    24
       Tentacles         |    12 |     2 ||    14
       Short sword       |    26 |     9 ||    35
Throw: Throwing net      |     1 |       ||     1
Armor: Skin              |     6 |       ||     6
Dodge: Dodged            |    49 |     4 ||    53
Block: Kite shield       |     6 |     3 ||     9

Table legend: (Time is in decaauts)
 A = Elapsed time spent in this place.
 B = Non-inter-level travel time spent in this place.
 C = Inter-level travel time spent in this place.
 D = Time resting spent in this place.
 E = Time spent auto-exploring this place.
 F = Levels seen in this place.
 G = Mean time per level.
                   A        B        C        D        E       F      G
               +--------+--------+--------+--------+--------+-----+--------+
         Total |   1886 |   1886 |      0 |    536 |      0 |   2 |  943.0 |
       Dungeon |   1886 |   1886 |      0 |    536 |      0 |   2 |  943.0 |
               +--------+--------+--------+--------+--------+-----+--------+

Top non-repeatable levels by time:
     D:1: 1540 daAuts
     D:2: 346 daAuts
